 Dungeon Crawl Stone Soup version 0.32-a0-481-g9ce6b883f8 (webtiles) character file.

Game seed: 12639372300332383018

39386 Kenran the Marksminotaur (level 13, 0/106 HPs)
             Began as a Minotaur Hedge Wizard on Feb 25, 2024.
             Was a High Priest of Hepliaklqana.
             Slain by a death yak (61 damage)
             ... on level 5 of the Lair of Beasts on Feb 26, 2024.
             The game lasted 00:38:39 (17373 turns).

Kenran the Marksminotaur (Minotaur Hedge Wizard)   Turns: 17373, Time: 00:38:40

Health: 0/106      AC: 15    Str: 16    XL:     13   Next: 68%
Magic:  13/15      EV:  2    Int: 11    God:    Hepliaklqana [*****.]
Gold:   844        SH:  0    Dex: 20    Spells: 15/16 levels left

rFire   + . .        a - +0 orcbow
rCold   . . .        (shield currently unavailable)
rNeg    . . .        G - +2 leather armour "Vilexuph" {rF+ Slay+2}
rPois   .            o - +1 hat
rElec   .            r - +0 cloak
rCorr   .            p - +0 pair of gloves
SInv    .            k - +0 pair of boots
Will    .....        B - amulet of the acrobat
Stlth   ++           h - +4 ring of protection
HPRegen 0.37/turn    F - +6 ring of dexterity
MPRegen 0.14/turn

%: acrobat
@: sleeping
A: reduced essence, horns 2, retaliatory headbutt
a: Renounce Religion, Recall Ancestor, Ancestor Identity, Transference, Idealise


You were on level 5 of the Lair of Beasts.
You worshipped Hepliaklqana.
Hepliaklqana was extremely pleased with you.
You visited 3 branches of the dungeon, and saw 17 of its levels.
You also visited: Bailey.

You collected 1084 gold pieces.
You spent 240 gold pieces at shops.

Inventory:

Hand Weapons
 a - a +0 orcbow (weapon)
 b - a +7 demon trident
Missiles
 m - 72 poisoned darts
 v - 3 throwing nets
 w - 8 curare-tipped darts
Armour
 k - a +0 pair of boots (worn)
 o - a +1 hat (worn)
 p - a +0 pair of gloves (worn)
 r - a +0 cloak (worn)
 G - the +2 leather armour "Vilexuph" (worn) {rF+ Slay+2}
   (You found it on level 9 of the Dungeon)

   Slay+2:    It affects your accuracy & damage with ranged weapons and melee
   (+2).
   rF+:       It protects you from fire.
Jewellery
 h - a +4 ring of protection (left hand)
 t - a ring of resist corrosion
 A - a ring of poison resistance
 B - an amulet of the acrobat (around neck)
 F - a +6 ring of dexterity (right hand)
 R - the ring "Yligh" {^Drain rPois rN+ Str+4 Int+2}
   (You found it on level 4 of the Lair of Beasts)

   [ring of poison resistance]

   Str+4:     It affects your strength (+4).
   Int+2:     It affects your intelligence (+2).
   rPois:     It protects you from poison rN+: It protects you from negative
   energy.
   ^Drain:    It drains your maximum health when unequipped.
Wands
 c - a wand of mindburst (6)
 y - a wand of charming (8)
 D - a wand of flame (30)
 E - a wand of light (17)
 M - a wand of digging (4)
 T - a wand of iceblast (4)
Scrolls
 g - 2 scrolls of immolation {!r}
 i - 2 scrolls of enchant armour
 j - 2 scrolls of poison {!r}
 l - a scroll of teleportation
 q - 5 scrolls of revelation
 s - 3 scrolls of enchant weapon
 z - a scroll of summoning
 C - 6 scrolls of blinking
 I - 2 scrolls of fear
 J - a scroll of silence
 O - a scroll of brand weapon {unknown}
 P - 2 scrolls of identify {@r1}
 Q - a scroll of fog {unknown}
Potions
 d - 3 potions of magic
 e - 2 potions of might
 f - a potion of brilliance
 n - 2 potions of curing {@q1}
 u - 10 potions of heal wounds {@q2}
 x - a potion of ambrosia {unknown}
 H - a potion of resistance {unknown}
 K - a potion of cancellation {unknown}
 L - 3 potions of enlightenment {unknown}
 N - 2 potions of mutation {unknown}
Miscellaneous
 S - a lightning rod (4/4)


   Skills:
 - Level 12.0 Fighting
 - Level 10.0 Polearms
 - Level 16.0 Ranged Weapons
 - Level 8.0 Armour
 + Level 12.2 Dodging
 - Level 1.5 Stealth
 - Level 2.1 Spellcasting
 - Level 0.6 Conjurations
 - Level 0.6 Summonings
 - Level 0.6 Translocations
 - Level 5.0 Invocations


You had 15 spell levels left.
You knew the following spells:

 Your Spells              Type           Power      Damage    Failure   Level
a - Magic Dart            Conj           8%         1d3       26%         1

Your spell library contained the following spells:

 Spells                   Type           Power      Damage    Failure   Level
 Apportation              Tloc           4%         N/A       26%         1
 Summon Small Mammal      Summ           8%         N/A       26%         1
 Shock                    Conj/Air       4%         1d3       30%         1
 Sting                    Conj/Alch      4%         1d3       30%         1
 Necrotise                Necr           4%         1d4       34%         1
 Sandblast                Erth           2%         2d4       34%         1
 Slow                     Hex            4%         N/A       34%         1
 Blink                    Tloc           4%         N/A       38%         2
 Call Imp                 Summ           4%         N/A       38%         2
 Lesser Beckoning         Tloc           4%         N/A       38%         2
 Momentum Strike          Conj/Tloc      4%         3d8       38%         2
 Cigotuvi's Dreadful Rot  Necr/Alch/Air  2%         N/A       45%         2
 Jinxbite                 Hex            2%         N/A       45%         2
 Stone Arrow              Conj/Erth      2%         3d7       65%         3
 Mephitic Cloud           Conj/Alch/Air  1%         N/A       67%         3
 Confusing Touch          Hex            1%         N/A       71%         3
 Passwall                 Erth           1%         N/A       71%         3
 Sigil of Binding         Hex            1%         N/A       71%         3
 Tukima's Dance           Hex            1%         N/A       71%         3
 Vampiric Draining        Necr           1%         2d6       71%         3
 Iskenderun's Mystic Bla  Conj/Tloc      2%         2d3       95%         4
 Brom's Barrelling Bould  Conj/Erth      1%         2d3       96%         4
 Dimensional Bullseye     Hex/Tloc       0%         N/A       96%         4
 Martyr's Knell           Necr/Summ      1%         N/A       96%         4
 Vhi's Electric Charge    Tloc/Air       2%         N/A       96%         4
 Animate Dead             Necr           1%         N/A       98%         4
 Dispel Undead            Necr           1%         3d6       98%         4
 Leda's Liquefaction      Alch/Erth      0%         N/A       98%         4
 Arcjolt                  Conj/Air       0%         1d10      100%        5
 Borgnjor's Vile Clutch   Necr/Erth      0%         N/A       100%        5
 Lee's Rapid Deconstruct  Erth           0%         3d4*      100%        5
 Silence                  Hex/Air        0%         N/A       100%        5
 Summon Forest            Summ/Tloc      1%         N/A       100%        5
 Summon Mana Viper        Hex/Summ       1%         N/A       100%        5
 Yara's Violent Unravell  Hex/Alch       0%         3d3       100%        5
 Bombard                  Conj/Erth      0%         9d1       100%        6
 Conjure Ball Lightning   Conj/Air       0%         3x3d6     100%        6
 Death Channel            Necr           0%         N/A       100%        6
 Summon Cactus Giant      Summ           1%         N/A       100%        6
 Enfeeble                 Hex            0%         N/A       100%        7
 Haunt                    Necr/Summ      0%         N/A       100%        7
 Ozocubu's Refrigeration  Ice            0%         4d7       100%        7
 Maxwell's Capacitive Co  Air            0%         ∞         100%        8


Dungeon Overview and Level Annotations

Branches:
Dungeon (11/15)            Temple (1/1) D:7            Lair (5/5) D:11
  Swamp (0/4) Lair:3        Snake (0/4) Lair:3          Orc (0/2) D:10
 Bailey (visited)
  Slime: Lair:4-5

Altars:
Ashenzari
Cheibriados
Dithmenos
Elyvilon
Fedhas
Gozag
Hepliaklqana
Kikubaaqudgha
Makhleb
Nemelex Xobeh
Okawaru
Qazlal
Ru
Sif Muna
Trog
Uskayaw
Vehumet
Wu Jian
Xom
Yredelemnul
Zin
The Shining One
Jiyva

Shops:
D:5 *

Annotations:
D:4 exclusion: 2 downstairs
D:5 3 runed translucent doors, hattey's ghost, novice HuWn
D:8 exclusion: 2 downstairs
Lair:3 exclusion: downstairs
Lair:4 Rupert


Innate Abilities, Weirdness & Mutations

Your life essence is reduced to manifest your ancestor. (-10% HP)
You have a pair of horns on your head.
You reflexively headbutt those who attack you in melee.


Message History

Haynaff avoids your attack.
You shoot an arrow. The arrow hits the death yak!
The death yak is lightly wounded.
Haynaff is recalled.
The dream sheep ruffle their wool and motes of dream dust sparkle, to no effect.
Haynaff hits the death yak with a +0 flail.
You shoot an arrow. The arrow hits the death yak!
The death yak is moderately wounded.
Haynaff hits the death yak but does no damage.
You shoot an arrow. The arrow barely misses the death yak.
The arrow hits the dream sheep.
The dream sheep is lightly wounded.
The death yak gores you!!
You shoot an arrow. The arrow hits the death yak!!
The death yak is heavily wounded.
The death yak gores you!
The dream sheep ruffle their wool and motes of dream dust sparkle, to no effect.
Haynaff closely misses the death yak.
You are too injured to fight recklessly!
You are too injured to fight recklessly!
You are too injured to fight recklessly!
You shoot an arrow.
The arrow hits the death yak but does no damage.
The death yak is heavily wounded.
The death yak gores you!
You shoot an arrow. The arrow hits the death yak!
The death yak is severely wounded.
Haynaff blocks the dream sheep's attack.
The dream sheep ruffle their wool and motes of dream dust sparkle, to no effect.
You shoot an arrow. The arrow hits the death yak.
The death yak is severely wounded.
Haynaff hits the death yak with a +0 flail!
The death yak completely misses you.
The dream sheep shake their wool and sparkle.
You feel drowsy...
You fall asleep.
Haynaff blocks the death yak's attack.
The death yak gores you!!!
Ouch! That really hurt!
You die...
Hepliaklqana delivers you to your ancestors.

..........................P...##
..........................#...P#
.........................P.....#
...Y#........#.#...............#
....Y....#.........##.#P......##
....Y..###..#..#...##.##......##
.......# #..PP.##...##....#...P#
....#...##..P.Y##..####P.......#
............YYYY@...###P..#....##
#..#........YYR##...#.........#.#
#...............#.............###
#...#.....................#...P#
..#....P............#.[.#.....#
....P...............#P.##....##
...................P##.P#.....#
..............................#
...................#.........#


You could see the friendly Haynaff the knight, 4 death yaks and 3 dream sheep.

Vanquished Creatures
  2 vault guards (Bailey)
  A hydra (Lair:4)
  A boulder beetle (Lair:3)
  2 two-headed ogres
  4 death yaks
  Amaemon (Lair:3)
  2 skysharks
  Pikel (D:6)
  A cyclops (D:11)
  An ugly thing (D:11)
  11 elephants
  3 black mambas
  Maggie (D:7)
  A rime drake (Lair:5)
  6 cane toads
  6 komodo dragons
  2 polar bears
  2 trolls
  Prince Ribbit (Bailey)
  3 dream sheep
  A shadow (D:9)
  4 slime creatures (D:9)
  23 yaks
  3 wraiths
  2 basilisks
  6 humans (Bailey)
  5 wyverns
  4 steam dragons
  Menkaure (D:7)
  Edmund (D:5)
  3 water moccasins
  4 acid dragons
  An ice beast (D:7)
  10 orc warriors
  7 black bears
  A sky beast (D:8)
  3 centaurs
  2 ogres (D:5)
  4 lemures (D:6)
  5 kobold brigands
  Blork the orc (D:5)
  2 gnoll sergeants
  17 bullfrogs
  6 scorpions
  7 wights
  7 killer bees
  A howler monkey (D:5)
  A bombardier beetle (D:5)
  5 hounds
  2 orc priests
  4 jellies
  2 sleepcaps
  A gnoll bouda (D:7)
  3 iguanas
  13 orc wizards
  16 gnolls
  9 adders
  2 ufetubi (D:5)
  2 ribbon worms
  5 dart slugs
  42 orcs
  6 bats
  8 endoplasms
  4 giant cockroaches
  9 goblins
  10 hobgoblins
  32 kobolds
  3 quokkas
  4 ball pythons
  5 frilled lizards
  4 rats
375 creatures vanquished.

Vanquished Creatures (collateral kills)
  4 death yaks
  Urug (D:10)
  2 elephants
  A black mamba (Lair:3)
  4 cane toads
  An orange demon (Lair:3)
  A komodo dragon (Lair:5)
  5 dream sheep
  A vampire (D:11)
  A wraith (D:11)
  A yak (D:10)
  A black bear (Lair:5)
  A bullfrog (Lair:1)
  2 orcs (D:10)
26 creatures vanquished.

Vanquished Creatures (others)
  7 knights
  3 ancestors
  An orc wizard (D:8)
11 creatures vanquished.

Grand Total: 412 creatures vanquished

Notes
Turn   | Place    | Note
-------+----------+-------------------------------------------
     0 | D:1      | Kenran the Minotaur Hedge Wizard began the quest for the
                  | Orb.
     0 | D:1      | Reached XP level 1. HP: 14/14 MP: 2/2
   114 | D:1      | Reached skill level 1 in Fighting
   162 | D:1      | Reached XP level 2. HP: 24/24 MP: 4/4
   577 | D:1      | Reached XP level 3. HP: 30/31 MP: 5/5
   827 | D:2      | Reached skill level 1 in Ranged Weapons
  1157 | D:2      | Reached skill level 2 in Ranged Weapons
  1187 | D:2      | Reached XP level 4. HP: 31/38 MP: 6/6
  1407 | D:3      | Found a glowing golden altar of the Shining One.
  1407 | D:3      | Found a snail-covered altar of Cheibriados.
  1491 | D:3      | Reached skill level 3 in Ranged Weapons
  1653 | D:3      | Got the Grimoire of Snow and the Squall
  2067 | D:4      | Found a broken altar of Ashenzari.
  2509 | D:4      | Noticed a scorpion
  2509 | D:4      | Noticed a black bear
  2627 | D:3      | Killed a scorpion
  2628 | D:3      | Reached skill level 4 in Ranged Weapons
  2628 | D:3      | Reached XP level 5. HP: 32/45 MP: 7/7
  2865 | D:4      | Reached skill level 5 in Ranged Weapons
  2865 | D:4      | Reached XP level 6. HP: 35/51 MP: 8/8
  2974 | D:5      | Entered Level 5 of the Dungeon
  3017 | D:4      | Reached skill level 6 in Ranged Weapons
  3189 | D:4      | Reached skill level 7 in Ranged Weapons
  3256 | D:5      | Reached XP level 7. HP: 50/57 MP: 9/9
  3375 | D:5      | Found a runed translucent gate.
  3375 | D:5      | Found a runed translucent gate.
  3375 | D:5      | Found a runed translucent gate.
  3376 | D:5      | Noticed hattey's ghost (novice HuWn)
  3397 | D:5      | Reached skill level 8 in Ranged Weapons
  3407 | D:5      | Got the Enchiridion on Dismal Gases
  3513 | D:5      | Noticed Blork the orc
  3626 | D:5      | Noticed Edmund
  3855 | D:5      | Killed Edmund
  4014 | D:6      | Reached skill level 9 in Ranged Weapons
  4028 | D:6      | Identified the +1 hand axe of Hatred {holy, +Blink Dex+3}
  4039 | D:6      | Reached XP level 8. HP: 17/63 MP: 10/10
  4510 | D:6      | Reached skill level 10 in Ranged Weapons
  5018 | D:6      | Reached skill level 5 in Fighting
  5231 | D:6      | Noticed Pikel
  5260 | D:6      | Killed Pikel
  5261 | D:6      | Reached skill level 11 in Ranged Weapons
  5261 | D:6      | Reached XP level 9. HP: 48/75 MP: 11/11
  5858 | D:5      | Reached skill level 12 in Ranged Weapons
  5927 | D:5      | Found Gouf's Serpentskin Sales.
  5935 | D:5      | Bought a ring of poison resistance for 240 gold pieces
  6146 | D:5      | Reached skill level 1 in Armour
  6306 | D:5      | Killed Blork the orc
  6385 | D:7      | Found a staircase to the Ecumenical Temple.
  6391 | Temple   | Entered the Ecumenical Temple
  6657 | D:7      | Noticed Maggie
  6683 | D:7      | Killed Maggie
  6992 | D:7      | Reached skill level 5 in Dodging
  7209 | D:7      | Noticed Menkaure
  7216 | D:7      | Killed Menkaure
  7224 | D:7      | Found a sparkling altar of Nemelex Xobeh.
  7449 | D:7      | Found a shimmering blue altar of Sif Muna.
  7507 | D:7      | Reached XP level 10. HP: 86/86 MP: 12/12
  7846 | D:8      | Found an iron altar of Okawaru.
  8072 | D:8      | Found a radiant altar of Vehumet.
  8637 | D:9      | Noticed a two-headed ogre
  8637 | D:9      | Found a hazy altar of Hepliaklqana.
  8683 | D:9      | Noticed a two-headed ogre
  8832 | D:8      | Killed a two-headed ogre
  8833 | D:8      | Reached skill level 13 in Ranged Weapons
  9126 | D:9      | Killed a two-headed ogre
  9339 | D:9      | Found a white marble altar of Elyvilon.
  9396 | D:9      | Identified the +2 leather armour "Vilexuph" {rF+ Slay+2}
  9489 | D:9      | Became a worshipper of Hepliaklqana the Forgotten
  9715 | D:10     | Entered Level 10 of the Dungeon
  9715 | D:10     | Found a staircase to the Orcish Mines.
  9724 | D:9      | Reached XP level 11. HP: 81/99 MP: 13/13
  9783 | D:10     | Found a flagged portal.
  9995 | Bailey   | Entered a bailey
 10004 | Bailey   | Reached skill level 10 in Fighting
 10050 | Bailey   | Reached skill level 14 in Ranged Weapons
 10091 | Bailey   | Noticed a vault guard
 10091 | Bailey   | Noticed Prince Ribbit
 10115 | Bailey   | Killed a vault guard
 10126 | Bailey   | Killed Prince Ribbit
 10173 | Bailey   | Noticed a vault guard
 10197 | Bailey   | Killed a vault guard
 10198 | Bailey   | Reached skill level 10 in Dodging
 10198 | Bailey   | Reached skill level 1 in Invocations
 10436 | D:10     | Noticed Urug
 10500 | D:10     | Killed Urug
 10552 | D:10     | Reached skill level 5 in Invocations
 11300 | D:11     | Reached * piety under Hepliaklqana
 11798 | D:11     | Reached XP level 12. HP: 99/99 MP: 14/14
 11906 | D:11     | Found a staircase to the Lair.
 12393 | Lair:1   | Entered Level 1 of the Lair of Beasts
 12421 | Lair:1   | Reached skill level 1 in Polearms
 12451 | Lair:1   | Reached skill level 15 in Ranged Weapons
 12598 | Lair:1   | You fall into a shaft and drop 1 floor!
 12631 | Lair:2   | Reached ** piety under Hepliaklqana
 12636 | Lair:2   | Remembered your ancestor Haynaff as a knight
 12710 | Lair:1   | Noticed a death yak
 12710 | Lair:1   | Noticed a death yak
 12729 | Lair:1   | Noticed a death yak
 12729 | Lair:1   | Noticed a death yak
 12730 | Lair:1   | Noticed a death yak
 12731 | Lair:1   | Noticed a death yak
 12945 | Lair:1   | Killed a death yak
 13078 | Lair:1   | Killed a death yak
 13303 | Lair:2   | Reached skill level 5 in Polearms
 13581 | Lair:2   | Reached *** piety under Hepliaklqana
 13581 | Lair:2   | Noticed a death yak
 13581 | Lair:2   | Noticed a death yak
 13581 | Lair:2   | Noticed a death yak
 13594 | Lair:2   | Killed a death yak
 13594 | Lair:2   | Noticed a death yak
 13595 | Lair:2   | Reached skill level 16 in Ranged Weapons
 13599 | Lair:2   | Killed a death yak
 13607 | Lair:2   | Killed a death yak
 13624 | Lair:2   | Killed a death yak
 14285 | Lair:3   | Found a staircase to the Swamp.
 14291 | Lair:3   | Noticed Amaemon
 14307 | Lair:3   | Killed Amaemon
 14308 | Lair:3   | Reached XP level 13. HP: 73/106 MP: 15/15
 14487 | Lair:3   | Found a staircase to the Snake Pit.
 14672 | Lair:3   | Reached skill level 10 in Polearms
 14982 | Lair:3   | Reached **** piety under Hepliaklqana
 15398 | Lair:4   | Noticed Rupert
 15409 | Lair:4   | Reached skill level 5 in Armour
 15592 | Lair:4   | Identified the ring "Yligh" {^Drain rPois rN+ Str+4 Int+2}
 16291 | Lair:5   | Entered Level 5 of the Lair of Beasts
 16859 | Lair:5   | Found a viscous altar of Jiyva.
 16915 | Lair:5   | Reached ***** piety under Hepliaklqana
 16941 | Lair:5   | Upgraded the game from 0.32-a0-470-g255bbe2f98 to
                  | 0.32-a0-481-g9ce6b883f8
 17373 | Lair:5   | Slain by a death yak

Illustrated notes

Levels and vault maps discovered:
D:1:      minmay_arrival_four_houses, layout_basic, st_stairs_6,
          hangedman_abyss_or_decor_lesser_grid
D:2:      layout_basic
D:3:      kennysheep_big_flooded_room, layout_basic, minitemple
D:4:      cheibrodos_barr_body, layout_loops_ring,
          mainiacjoe_overflow_small_starburst, minmay_misc_feat_tower,
          minmay_tree_intersection, minivault_25
D:5:      layout_basic, gammafunk_ghost_split, guppyfry_shop_venom,
          uniq_blork_the_orc, uniq_edmund
D:6:      layout_basic, eino_tiny_chamber, grunt_decor_cap, minivault_23,
          uniq_pikel
D:7:      layout_loops_corners, tgw_sif, mainiacjoe_overflow_boulevard,
          minmay_temple_entry_statues_pillars, uniq_menkaure, uniq_maggie
D:8:      layout_loops_ring, okawaru_gym_becter, vehumet_altar_wand_db,
          serial_rivers, chequers_serial_rivers_large_a,
          chequers_serial_rivers_micro_b, chequers_serial_rivers_micro_a,
          chequers_serial_rivers_room_b
D:9:      layout_roguey, nicolae_overflow_crystal_walls,
          mainiacjoe_overflow_alcove_4
D:10:     layout_roguey, orc_david_3, enter_bailey_2,
          serial_library_hellmonk_hallway_b, minmay_hedge_maze, uniq_urug
D:11:     layout_grid_maze, grunt_lair_entry_orc_guard_hut,
          minmay_fractal_squares_diagonal_5
Temple:   oiseaux_autumnal_temple
Lair:1:   layout_hall_layers, chequers_serial_rivers_marsh
Lair:2:   layout_concentric_octagons, dreamdust_mushroom_princess
Lair:3:   layout_hall_layers, swamp_mist, dummy_snake_entry,
          grunt_forest_large_clearings, uniq_amaemon
Lair:4:   layout_roguey, lemuel_fruit_tree, uniq_rupert
Lair:5:   grunt_lair_end_beastmaster, layout_gridlike,
          nicolae_slime_entry_field_trip

Skill      XL: |  1  2  3  4  5  6  7  8  9 10 11 12 13 |
---------------+----------------------------------------+-----
Fighting       | 2 3 6 7 9 11 12 | 12.0
Ranged Weapons | 2 4 5 7 9 11 12 13 14 16 | 16.0
Dodging        | 5 7 10 12 | 12.2
Armour         | 3 4 8 |  8.0
Invocations    | 5 |  5.0
Polearms       | 9 10 | 10.0
Stealth        | |  1.5
Spellcasting   | |  2.1
Conjurations   | |  0.6
Summonings     | |  0.6
Translocations | |  0.6

Action                     |  1- 3 |  4- 6 |  7- 9 | 10-12 | 13-15 || total
---------------------------+-------+-------+-------+-------+-------++-------
  Melee: Dagger            |    30 |       |       |       |       ||    30
         Headbutt          |    11 |    18 |    26 |     3 |     6 ||    64
         Whip              |    44 |    63 |     8 |       |       ||   115
         Hand axe          |       |       |    82 |       |       ||    82
         Demon trident     |       |       |       |     6 |     8 ||    14
         Orcbow            |       |       |       |     2 |       ||     2
   Fire: Sling             |    42 |    77 |   318 |       |       ||   437
         Orcbow            |       |       |    48 |   955 |   305 ||  1308
   Cast: Magic Dart        |     2 |       |       |       |       ||     2
 Invoke: Recall Ancestor   |       |       |       |     3 |     7 ||    10
         Ancestor Life: Kn |       |       |       |     1 |       ||     1
    Use: Scroll            |     3 |     4 |     8 |     7 |     6 ||    28
         Potion            |       |     2 |     4 |       |       ||     6
   Stab: Sleeping          |     2 |       |       |       |       ||     2
         Distracted        |       |       |       |     1 |       ||     1
 Armour: Robe              |    10 |       |       |       |       ||    10
         Ring mail         |    41 |       |       |       |       ||    41
         Leather armour    |    13 |    78 |   164 |   176 |    55 ||   486
         Acid dragon scale |       |       |    39 |    79 |       ||   118
  Dodge: Dodged            |    51 |    71 |   184 |   352 |    55 ||   713

Table legend: (Time is in decaauts)
 A = Elapsed time spent in this place.
 B = Non-inter-level travel time spent in this place.
 C = Inter-level travel time spent in this place.
 D = Time resting spent in this place.
 E = Time spent auto-exploring this place.
 F = Levels seen in this place.
 G = Mean time per level.
                   A        B        C        D        E       F      G
               +--------+--------+--------+--------+--------+-----+--------+
         Total |  17179 |  16331 |    848 |   4353 |   8069 |  18 |  954.4 |
       Dungeon |  11873 |  11199 |    674 |   2629 |   5841 |  11 | 1079.4 |
        Temple |     59 |      1 |     58 |      0 |      0 |   1 |   59.0 |
          Lair |   4841 |   4726 |    115 |   1611 |   2120 |   5 |  968.2 |
        Bailey |    404 |    404 |      0 |    113 |    107 |   1 |  404.0 |
               +--------+--------+--------+--------+--------+-----+--------+

Top non-repeatable levels by time:
     D:6: 1824 daAuts
     D:7: 1381 daAuts
  Lair:3: 1276 daAuts
     D:5: 1196 daAuts
     D:4: 1143 daAuts
    D:11: 1113 daAuts
     D:9: 1088 daAuts
  Lair:2: 1083 daAuts
     D:8: 1010 daAuts
  Lair:4: 928 daAuts
     D:3: 911 daAuts
  Lair:5: 907 daAuts
    D:10: 856 daAuts
     D:1: 726 daAuts
  Lair:1: 646 daAuts
